 Dungeon Crawl Stone Soup version 0.30-a0-1050-g2766ea1e55 (webtiles) character file.

Game seed: 18211469313489651494

4361 Conn the Thaumaturge (level 10, -5/58 HPs)
             Began as an Octopode Fire Elementalist on Apr 10, 2023.
             Slain by a wyvern (17 damage)
             ... summoned by an orange crystal statue
             ... on level 9 of the Dungeon.
             The game lasted 00:24:39 (8977 turns).

Conn the Thaumaturge (Octopode Fire Elementalist)   Turns: 8977, Time: 00:24:40

Health: -5/58      AC:  1    Str:  9    XL:     10   Next: 34%
Magic:  23/23      EV: 14    Int: 21    God:
Gold:   623        SH:  0    Dex: 18    Spells: 9/27 levels left

rFire   . . .      SeeInvis +    C - +3 short sword "Luewn" {flame, rElec Will+}
rCold   x . .      Faith    .    (no shield)
rNeg    . . .      Spirit   .    (helmet restricted)
rPois   .          Reflect  .    J - amulet of regeneration
rElec   +          Rampage  .    e - ring of see invisible
rCorr   .                        j - +6 ring of dexterity
Will    +....                    G - ring of flight
Stlth   ++++                     (no ring)
HPRegen 1.09/turn                (no ring)
MPRegen 0.18/turn                (no ring)
                                 (no ring)
                                 (no ring)

@: brilliant, flying
A: almost no armour, amphibious, 8 rings, camouflage 1, gelatinous body 1,
(nimble swimmer 1), tentacles, cold vulnerability 1
a: no special abilities


You were on level 9 of the Dungeon.
You visited 1 branch of the dungeon, and saw 9 of its levels.

You collected 623 gold pieces.

Inventory:

Hand Weapons
 g - a +0 short sword
 C - the +3 short sword "Luewn" (weapon) {flame, rElec Will+}
   (You found it on level 5 of the Dungeon)

   rElec:     It insulates you from electricity.
   Will:      It increases your willpower.
Missiles
 m - 29 poisoned darts
 x - a throwing net (quivered)
 H - 2 curare-tipped darts
Jewellery
 d - an amulet of guardian spirit
 e - a ring of see invisible (left tentacle)
 j - a +6 ring of dexterity (right tentacle)
 G - a ring of flight (on tentacle)
 J - an amulet of regeneration (around mantle)
Wands
 a - a wand of charming (11)
 y - a wand of quicksilver (5)
 z - a wand of polymorph (6)
Scrolls
 b - 3 scrolls of amnesia {unknown}
 i - 2 scrolls of immolation {unknown}
 k - 4 scrolls of teleportation {unknown}
 n - 2 scrolls of fear {unknown}
 p - 2 scrolls of fog {unknown}
 q - 2 scrolls of poison {unknown}
 r - 8 scrolls of identify {unknown}
 s - a scroll of butterflies {unknown}
 u - 2 scrolls of blinking {unknown}
 B - a scroll of noise {unknown}
 E - a scroll of torment {unknown}
 K - a scroll of enchant armour {unknown}
Potions
 c - 3 potions of curing
 f - 2 potions of mutation
 h - 4 potions of berserk rage {unknown}
 l - a potion of ambrosia {unknown}
 o - 5 potions of brilliance
 t - a potion of haste {unknown}
 v - 5 potions of heal wounds {unknown}
 w - a potion of flight {unknown}
 A - a potion of resistance {unknown}
 D - a potion of degeneration {unknown}
 F - a potion of lignification {unknown}
 I - a potion of might {unknown}


   Skills:
 + Level 1.2 Fighting
 + Level 2.9 Short Blades
 + Level 3.2 Dodging
 - Level 5.8 Stealth
 + Level 9.4 Spellcasting
 + Level 6.4 Conjurations
 + Level 0.8 Hexes
 * Level 0.9 Transmutations
 + Level 6.7 Fire Magic
 + Level 0.7 Air Magic
 + Level 0.7 Poison Magic
 + Level 0.5 Evocations


You had 9 spell levels left.
You knew the following spells:

 Your Spells              Type           Power      Damage    Failure   Level
a - Foxfire               Conj/Fire      100%       2x1d9     1%          1
b - Flame Wave            Conj/Fire      54%        2d13      4%          4
c - Inner Flame           Hex/Fire       38%        N/A       4%          3
d - Mephitic Cloud        Conj/Pois/Air  31%        N/A       7%          3
e - Scorch                Fire           100%       2d9       1%          2
f - Irradiate             Conj/Tmut      19%        3d18      38%         5

Your spell library contained the following spells:

 Spells                   Type           Power      Damage    Failure   Level
 Volatile Blastmotes      Fire/Tloc      72%        2d16      4%          3
 Poisonous Vapours        Pois/Air       38%        N/A       8%          2
 Cigotuvi's Dreadful Rot  Necr/Pois/Air  36%        N/A       9%          2
 Leda's Liquefaction      Hex/Erth       8%         N/A       50%         4
 Dispel Undead            Necr           14%        3d10      56%         4
 Freezing Cloud           Conj/Ice/Air   14%        6-21      58%         5
 Blade Hands              Tmut           10%        N/A       77%         5
 Silence                  Hex/Air        9%         N/A       80%         5
 Conjure Ball Lightning   Conj/Air       18%        3x3d6     94%         6
 Iron Shot                Conj/Erth      17%        9d4       96%         6
 Death Channel            Necr           7%         N/A       100%        6
 Dragon Form              Tmut           10%        N/A       100%        7
 Discord                  Hex            9%         N/A       100%        8
 Disjunction              Tloc           7%         N/A       100%        8
 Animate Armour           Summ/Erth      Unusable   N/A       N/A         4

Dungeon Overview and Level Annotations

Branches:
Dungeon (9/15)
 Temple: D:4-7         Lair: D:8-11         Orc: D:9-12

Altars:
Fedhas
Uskayaw

Annotations:
D:9 exclusion: orange crystal statue


Innate Abilities, Weirdness & Mutations

You cannot wear most types of armour.
You are amphibious.
You can wear up to eight rings at the same time.
Your skin changes colour to match your surroundings (Stealth+).
Your rubbery body absorbs attacks. (AC +1, EV +1)
((You are camouflaged when in or above water. (Stealth+)))
You have tentacles for arms and can constrict up to eight enemies at once.
You are vulnerable to cold. (rC-)


Message History

The wyvern attacks as you move away! The wyvern bites you!!
The wyvern bites you. The wyvern attacks as you move away!
The wyvern bites you!
Casting: Scorch (safe; 1% risk of failure)
Confirm with . or Enter, or press ? or * to list all spells.
Okay, then.
Unknown command.
The wyvern bites you!!
* * * LOW HITPOINT WARNING * * *
There is a stone staircase leading down, spattered with blood here.
Okay, then.
Unknown command.
Okay, then.
Unknown command.
Unknown command.
Unknown command.
Unknown command.
Unknown command.
Okay, then.
Okay, then.
Unknown command.
Aiming: Charm
Press: ? - help, Shift-Dir - straight line, f - wyvern
Aim: a wyvern (summoned, chance to affect: 50%)
Okay, then.
Unknown command.
Okay, then.
Unknown command.
Unknown command.
Casting: Scorch (safe; 1% risk of failure)
Confirm with . or Enter, or press ? or * to list all spells.
Okay, then.
Unknown command.
Unknown command.
You feel better. The wyvern bites you!
* * * LOW HITPOINT WARNING * * *
It was a potion of brilliance.
You feel clever all of a sudden. The wyvern bites you!
You die...

.....###...# #..# #......#
...........# #..# #......#
...........# #..# #......#
###........####..#
#......#
#..............####..#####
#....................#
#.......#####........#
#.......# #.†......#
#.......# #.@......#
#.......# #.l......#
....... #........# .......
#........# ....
#O.......#####
.....#####............#
.......................#
..........<.........##.#
....................##.#


You could see a two-headed ogre (summoned) and a wyvern (summoned).

Vanquished Creatures
  Pikel (D:7)
  A hornet (D:9)
  Prince Ribbit (D:8)
  2 wyverns
  A steam dragon (D:9)
  An acid dragon (D:8)
  2 black bears
  An ice beast (D:6)
  4 sky beasts
  2 ogres
  2 lemures (D:7)
  4 phantoms
  A centaur (D:9)
  A kobold brigand (D:9)
  3 bullfrogs
  4 scorpions
  5 wights (D:8)
  5 killer bees (D:7)
  3 howler monkeys
  2 hounds
  4 orc priests
  4 jellies
  3 sleepcaps
  3 iguanas (D:5)
  An orc wizard (D:4)
  4 gnolls
  6 adders
  3 shadow imps
  An ufetubus (D:5)
  5 worms
  4 dart slugs
  20 orcs
  9 ball pythons
  4 bats
  7 endoplasms
  3 giant cockroaches
  4 goblins
  8 hobgoblins
  6 quokkas
  3 frilled lizards
  14 kobolds
  4 rats
166 creatures vanquished.

Vanquished Creatures (collateral kills)
  A killer bee (D:7)
1 creature vanquished.

Vanquished Creatures (others)
  409 foxfires
409 creatures vanquished.

Grand Total: 576 creatures vanquished

Notes
Turn   | Place    | Note
-------+----------+-------------------------------------------
     0 | D:1      | Conn the Octopode Fire Elementalist began the quest for the
                  | Orb.
     0 | D:1      | Reached XP level 1. HP: 11/11 MP: 3/3
   181 | D:1      | Reached XP level 2. HP: 17/17 MP: 1/5
   430 | D:1      | Reached XP level 3. HP: 21/21 MP: 1/6
  1117 | D:2      | Gained mutation: You are vulnerable to cold. (rC-) [potion
                  | of mutation]
  1176 | D:1      | Learned a level 2 spell: Scorch
  1180 | D:1      | Learned a level 3 spell: Inner Flame
  1487 | D:2      | Reached XP level 4. HP: 27/27 MP: 2/7
  2394 | D:3      | Found a faded altar of an unknown god.
  2896 | D:3      | Reached XP level 5. HP: 31/31 MP: 9/9
  3349 | D:4      | Noticed a black bear
  3356 | D:4      | Killed a black bear
  3357 | D:4      | Reached skill level 3 in Spellcasting
  3357 | D:4      | Reached XP level 6. HP: 22/36 MP: 2/10
  3473 | D:4      | Reached skill level 1 in Short Blades
  3869 | D:4      | Reached skill level 4 in Spellcasting
  3990 | D:4      | Reached XP level 7. HP: 42/42 MP: 3/13
  4306 | D:4      | Learned a level 4 spell: Flame Wave
  4310 | D:4      | Learned a level 3 spell: Mephitic Cloud
  4502 | D:5      | Entered Level 5 of the Dungeon
  4729 | D:5      | Identified the +3 short sword "Luewn" {flame, rElec Will+}
  4862 | D:5      | Reached skill level 5 in Spellcasting
  5003 | D:5      | Reached XP level 8. HP: 26/47 MP: 1/15
  5688 | D:6      | Reached skill level 1 in Fighting
  5954 | D:6      | Reached skill level 6 in Spellcasting
  5954 | D:6      | Reached skill level 5 in Fire Magic
  6126 | D:6      | Found a blossoming altar of Fedhas.
  6129 | D:6      | You are sucked into a shaft and drop 3 floors!
  6223 | D:9      | Reached skill level 5 in Stealth
  6403 | D:8      | Reached skill level 7 in Spellcasting
  6483 | D:8      | Reached XP level 9. HP: 53/53 MP: 12/19
  6926 | D:8      | Reached skill level 5 in Conjurations
  7319 | D:7      | Reached skill level 8 in Spellcasting
  7365 | D:7      | Got Gaannut's Anthology of Dynamic Hexing
  7530 | D:7      | Found a hide-covered altar of Uskayaw.
  7579 | D:7      | Noticed Pikel
  7594 | D:7      | Killed Pikel
  7602 | D:7      | Reached XP level 10. HP: 30/58 MP: 10/22
  7616 | D:7      | Reached skill level 9 in Spellcasting
  8156 | D:7      | Noticed a two-headed ogre
  8249 | D:8      | Noticed Prince Ribbit
  8254 | D:8      | Killed Prince Ribbit
  8630 | D:8      | Learned a level 5 spell: Irradiate
  8961 | D:9      | Noticed an orange crystal statue
  8962 | D:9      | Noticed a two-headed ogre
  8977 | D:9      | Slain by a wyvern

Illustrated notes

Levels and vault maps discovered:
D:1:      saegor_arrival_simple_a, layout_basic, serial_forest,
          infiniplex_forest_corner_1, infiniplex_forest_lined_3,
          infiniplex_forest_straight_4, infiniplex_forest_end_2,
          infiniplex_forest_lined_room_2, infiniplex_forest_end_2,
          infiniplex_forest_lined_room_, infiniplex_forest_end_2
D:2:      layout_basic
D:3:      layout_loops_ring, hellmonk_ecumenical_altar_crossroads
D:4:      layout_cave_pools, guppyfry_early_orc_mine
D:5:      layout_loops_ring
D:6:      layout_basic, mainiacjoe_overflow_surrounded_room,
          minmay_temple_entry_antechambers
D:7:      layout_basic, mainiacjoe_overflow_chevrons, grunt_decor_one_mirror,
          kennysheep_cross_bottleneck, uniq_pikel
D:8:      layout_basic, uniq_prince_ribbit1
D:9:      layout_long_grid, minivault_16

Skill      XL: |  1  2  3  4  5  6  7  8  9 10 |
---------------+-------------------------------+-----
Fire Magic     | 4 5 6 |  6.7
Stealth        | 3 4 5 |  5.8
Spellcasting   | 3 4 5 7 8 9 |  9.4
Conjurations   | 2 3 4 5 6 |  6.4
Short Blades   | 1 2 |  2.9
Dodging        | 3 |  3.2
Fighting       | 1 |  1.2
Hexes          | |  0.8
Transmutations | |  0.9
Air Magic      | |  0.7
Poison Magic   | |  0.7
Evocations     | |  0.5

Action                     |  1- 3 |  4- 6 |  7- 9 | 10-12 || total
---------------------------+-------+-------+-------+-------++-------
  Melee: Unarmed           |     4 |       |       |       ||     4
         Tentacles         |     4 |     8 |     8 |     1 ||    21
         Constrict         |     4 |    11 |     9 |     3 ||    27
         Short sword       |     8 |    36 |    32 |    10 ||    86
         Punch             |       |       |     1 |     1 ||     2
  Throw: Dart              |     2 |       |       |       ||     2
         Throwing net      |       |     1 |     1 |       ||     2
   Cast: Foxfire           |    44 |    73 |   100 |    16 ||   233
         Scorch            |     8 |    11 |    29 |    11 ||    59
         Flame Wave        |       |       |     6 |     1 ||     7
         Inner Flame       |       |       |     7 |     2 ||     9
         Mephitic Cloud    |       |       |     4 |     2 ||     6
  Evoke: Wand              |       |     2 |     5 |       ||     7
    Use: Potion            |     2 |       |     3 |     2 ||     7
   Stab: Sleeping          |     1 |     7 |     5 |     1 ||    14
         Confused          |       |       |     1 |     1 ||     2
 Armour: Skin              |       |     2 |     2 |     2 ||     6
  Dodge: Dodged            |    23 |    20 |    37 |     4 ||    84

Table legend: (Time is in decaauts)
 A = Elapsed time spent in this place.
 B = Non-inter-level travel time spent in this place.
 C = Inter-level travel time spent in this place.
 D = Time resting spent in this place.
 E = Time spent auto-exploring this place.
 F = Levels seen in this place.
 G = Mean time per level.
                   A        B        C        D        E       F      G
               +--------+--------+--------+--------+--------+-----+--------+
         Total |   8975 |   8877 |     98 |    417 |   6564 |   9 |  997.2 |
       Dungeon |   8975 |   8877 |     98 |    417 |   6564 |   9 |  997.2 |
               +--------+--------+--------+--------+--------+-----+--------+

Top non-repeatable levels by time:
     D:1: 1491 daAuts
     D:8: 1244 daAuts
     D:4: 1210 daAuts
     D:5: 1141 daAuts
     D:3: 1071 daAuts
     D:7: 902 daAuts
     D:2: 729 daAuts
     D:9: 701 daAuts
     D:6: 482 daAuts
